AoeStats
← ♠♠•CAZADOR DE JABALI•♠

Arabia

510169758Analyzed
1v1 RM · 2d ago on Sep 29, 2026· 88m 43s· 2 players
Game mode
Random Map
Map size
Tiny (2 player)
Population
200
Speed
Normal
Resources
Standard
Victory
Conquest
Starting age
Dark Age
Ending age
Imperial Age
RankedLock teamsTeams togetherTeam positionsShared explorationLock speedFull tech treeHidden civsTurbo modeCheats
Victory
Defeat
1697
+13
🇦🇷 Wei · Argentina
1635
-13
♠♠•CAZADOR DE JABALI•♠
5:37 Loom
8:26 Feudal Age
8:44 Man-at-Arms
13:32 Double-Bit Axe
17:43 Wheelbarrow
19:12 Fletching
19:53 Gold Mining
22:02 Horse Collar
22:36 Bloodlines
26:27 Castle Age
26:45 Castle Age
25:59 Padded Archer Armor
26:47 Crossbowman
26:49 Elite Skirmisher
27:25 Bodkin Arrow
27:41 Bow Saw
28:31 Leather Archer Armor
29:05 Ballistics
30:22 Thumb Ring
30:19 Husbandry
35:04 Hand Cart
39:33 Gold Shaft Mining
43:35 Imperial Age
41:28 Scale Barding Armor
42:19 Stone Mining
42:55 Town Watch
44:18 Bracer
45:23 Chemistry
45:24 Parthian Tactics
46:08 Conscription
47:18 Siege Engineers
47:23 Masonry
49:14 Murder Holes
50:12 Parthian Tactics
51:07 Elite Mangudai
59:03 Pikeman
60:04 Forging
60:13 Squires
61:51 Scale Mail Armor
64:42 Iron Casting
64:28 Heavy Plow
65:00 Arson
65:02 Light Cavalry
65:49 Scale Barding Armor
69:20 Chain Barding Armor
71:51 Blast Furnace
72:20 Hoardings
72:47 Chain Mail Armor
72:47 Hussar
74:02 Plate Mail Armor
AxD | Keiokenkun-Uno-Puro
6:16 Loom
8:59 Feudal Age
10:01 Double-Bit Axe
12:47 Horse Collar
19:48 Town Watch
22:03 Castle Age
22:41 Gold Mining
23:16 Fletching
24:41 Bodkin Arrow
27:04 Bow Saw
27:00 Husbandry
28:26 Padded Archer Armor
28:37 Bloodlines
31:49 Ballistics
32:21 Scale Barding Armor
33:04 Forging
34:36 Heavy Plow
36:58 Wheelbarrow
41:17 Imperial Age
41:45 Chain Barding Armor
43:23 Conscription
45:29 Ming Guang Armor
51:19 Light Cavalry
53:12 Iron Casting
53:19 Town Patrol
54:32 Hand Cart
58:07 Blast Furnace
61:31 Elite Skirmisher
63:23 Capped Ram
65:57 Chemistry
65:45 Leather Archer Armor
65:45 Bracer
68:15 Hussar
72:45 Ring Archer Armor
73:04 Crop Rotation
79:03 Tuntian
82:10 Squires
81:40 Pikeman
85:36 Man-at-Arms
87:58 Halberdier
Connection lost

Rejoining the realm…

Still unreachable

The connection could not be restored.

Session expired

The server has moved on; the page needs a fresh start.